 Dungeon Crawl Stone Soup version 0.30-a0-4-ga7cffc901d (webtiles) character file.

Game seed: 173130950669067199

332 frimble the Trooper (level 6, -10/47 HPs)
             Began as a Demonspawn Earth Elementalist on Aug 20, 2022.
             Was an Initiate of Cheibriados.
             Mangled by Edmund
             ... wielding a +4 vorpal dire flail
              (12 damage)
             ... on level 4 of the Dungeon.
             The game lasted 00:05:13 (5847 turns).

frimble the Trooper (Demonspawn Earth Elementalist) Turns: 5847, Time: 00:05:13

Health: -10/47     AC:  4    Str: 10    XL:     6   Next: 26%
Magic:  9/9        EV: 12    Int: 17    God:    Cheibriados [......]
Gold:   113        SH:  4    Dex: 16    Spells: 6/9 levels left

rFire   . . .      SeeInvis .      - Unarmed
rCold   . . .      Faith    .    (no shield)
rNeg    . . .      Spirit   .    a - +0 robe
rPois   .          Reflect  .    g - +2 hat of Dust Devil {Will+ Regen+}
rElec   .          Harm     .    (no cloak)
rCorr   .          Rampage  .    (no gloves)
Will    +....                    (no boots)
Stlth   ++........               (no amulet)
HPRegen 0.95/turn                (no ring)
MPRegen 0.11/turn                (no ring)

@: about to teleport, very slow
A: horns 1, powered by death 1, condensation shield
a: Renounce Religion


You were on level 4 of the Dungeon.
You worshipped Cheibriados.
Cheibriados was noncommittal.
You visited 2 branches of the dungeon, and saw 5 of its levels.

You collected 113 gold pieces.

Inventory:

Hand Weapons
 d - a +1 short sword
Armour
 a - a +0 robe (worn)
 g - the +2 hat of Dust Devil (worn) {Will+ Regen+}
   (You found it on level 4 of the Dungeon)

   Regen:     It increases your rate of health regeneration.
   Will:      It increases your willpower.
Jewellery
 l - a ring of flight
Scrolls
 f - 2 scrolls of fog
 h - a scroll of magic mapping
 j - a scroll of amnesia
Potions
 b - 2 potions of magic
 c - a potion of flight
 k - a potion of curing {unknown}
 m - a potion of might {unknown}


   Skills:
 - Level 3.2 Fighting
 - Level 1.7 Short Blades
 - Level 1.7 Dodging
 - Level 1.7 Stealth
 + Level 2.8 Unarmed Combat
 - Level 2.0 Spellcasting
 - Level 3.1 Transmutations
 - Level 2.6 Earth Magic


You had 6 spell levels left.
You knew the following spells:

 Your Spells              Type           Power      Damage    Failure   Level
a - Passwall              Tmut/Erth      9%         N/A       9%          2
b - Sandblast             Erth           20%        2d7       6%          1

Your spell library contained the following spells:

 Spells                   Type           Power      Damage    Failure   Level
 Stone Arrow              Conj/Erth      12%        3d7       32%         3
 Gell's Gravitas          Tloc           1%         N/A       50%         3
 Lesser Beckoning         Tloc           1%         N/A       50%         3
 Teleport Other           Tloc           1%         N/A       50%         3
 Petrify                  Tmut/Erth      11%        N/A       52%         4
 Cause Fear               Hex            0%         N/A       88%         4
 Dragon Form              Tmut           6%         N/A       100%        7
 Dragon's Call            Summ           0%         N/A       100%        9


Dungeon Overview and Level Annotations

Branches:
Dungeon (4/15)             Temple (1/1) D:4

Altars:
Ashenzari
Cheibriados
Hepliaklqana
Kikubaaqudgha
Okawaru
Qazlal
Sif Muna
Uskayaw
Vehumet
Wu Jian

Annotations:
D:3 1 runed translucent door, Crazy Yiuf
D:4 Edmund


Innate Abilities, Weirdness & Mutations

You have a pair of small horns on your head.
You regenerate a little health from kills.
A meltable shield of frost defends you. (SH +4)


Message History

h - a scroll of magic mapping
Found a hazy altar of Hepliaklqana.
Key pressed, stopping explore.
Edmund the Younger comes into view.
He is wielding a +4 vorpal dire flail and wearing a +1 chain mail of fire resistance.
Edmund is nearby!
Edmund is nearby!
Edmund is nearby!
Edmund is nearby!
Edmund is nearby!
Found a book of Changes and a viscous inky potion.
The orc wizard shouts!
Edmund shouts!
The orc wizard shouts! x4
You closely miss Edmund. You headbutt Edmund, but do no damage.
Edmund drinks a potion.
Edmund goes berserk!
You hit Edmund. You headbutt Edmund.
Edmund is lightly wounded.
Edmund hits you with a +4 vorpal dire flail!!
Ouch! That really hurt!
An orc wizard opens the door.
Edmund hits you with a +4 vorpal dire flail!
* * * LOW HITPOINT WARNING * * *
x2 You are too injured to fight recklessly!
You are too injured to fight recklessly!
You are too injured to fight recklessly!
You are too injured to fight recklessly!
You are too injured to fight recklessly!
You are too injured to fight recklessly!
You are too injured to fight recklessly!
Press: ? - help, v - describe, . - travel
Here: Edmund, wielding a +4 vorpal dire flail and wearing a +1 chain mail of fire resistance (lightly wounded, berserk)
The floor, spattered with blood.
Okay, then.
Okay, then.
You aren't carrying any items that you can evoke.
Okay, then.
Okay, then.
Unknown command.
As you read the scroll labelled BUCIGH NUSETH, it crumbles to dust.
You feel strangely unstable.
It was a scroll of teleportation.
Edmund hits you with a +4 vorpal dire flail!
You die...

##*** **##..,*###
**,,....,..# **,,###..##.#
*,,,#!#...#.# *,**#o###.@.#
*,*,.ooo#..@################
*,**#o###...................
*,,,#.'...####.#############
*,,,###..#* #.# ###
*,,,,...#* #.###########..
**,*####* #?.............
*,* ##...####..#### *,*
*#............ *,*
*##########.#


You could see Edmund (berserk) and 5 orc wizards.

Vanquished Creatures
  An ogre (D:4)
  A scorpion (D:4)
  An iguana (D:4)
  7 adders
  A gnoll (D:1)
  A white imp (D:4)
  A worm (D:2)
  4 dart slugs
  8 orcs
  9 bats
  4 endoplasms
  3 giant cockroaches
  5 goblins
  6 hobgoblins
  5 kobolds
  A quokka (D:2)
  7 ball pythons
  3 frilled lizards
  A rat (D:3)
69 creatures vanquished.

Notes
Turn   | Place    | Note
-------+----------+-------------------------------------------
     0 | D:1      | frimble the Demonspawn Earth Elementalist began the quest
                  | for the Orb.
     0 | D:1      | Reached XP level 1. HP: 13/13 MP: 3/3
   144 | D:1      | Reached skill level 1 in Transmutations
   970 | D:1      | Gained mutation: A meltable shield of frost defends you.
                  | (SH +4) [demonic ancestry]
   970 | D:1      | Reached XP level 2. HP: 19/19 MP: 3/5
  1689 | D:1      | Reached skill level 1 in Short Blades
  1689 | D:1      | Reached XP level 3. HP: 17/24 MP: 4/6
  3626 | D:3      | Discovered your monstrous ancestry.
  3626 | D:3      | Gained mutation: You have a pair of small horns on your
                  | head. [demonic ancestry]
  3626 | D:3      | Reached XP level 4. HP: 30/30 MP: 7/7
  4007 | D:3      | Learned a level 2 spell: Passwall
  4050 | D:3      | Reached skill level 1 in Fighting
  4076 | D:3      | Learned a level 1 spell: Sandblast
  4306 | D:3      | Reached skill level 1 in Unarmed Combat
  4489 | D:3      | Found a runed translucent door.
  4490 | D:3      | Noticed Crazy Yiuf
  4735 | D:4      | Noticed a scorpion
  4891 | D:4      | Killed a scorpion
  4892 | D:4      | Reached XP level 5. HP: 26/38 MP: 0/8
  5502 | D:4      | Found a staircase to the Ecumenical Temple.
  5541 | D:4      | Noticed an ogre
  5551 | D:4      | Killed an ogre
  5552 | D:4      | Gained mutation: You regenerate a little health from kills.
                  | [demonic ancestry]
  5552 | D:4      | Reached XP level 6. HP: 47/47 MP: 9/9
  5579 | Temple   | Entered the Ecumenical Temple
  5630 | Temple   | Became a worshipper of Cheibriados the Contemplative
  5682 | D:4      | Identified the +2 hat of Dust Devil {Will+ Regen+}
  5763 | D:4      | Found a hazy altar of Hepliaklqana.
  5841 | D:4      | Noticed Edmund
  5846 | D:4      | HP: 1/47 [Edmund/+4 vorpal dire flail (3)]
  5847 | D:4      | Mangled by Edmund

Illustrated notes

Levels and vault maps discovered:
D:1:      dpeg_chamrin_arrival_tetris, layout_loops_corners
D:2:      layout_loops_corners
D:3:      layout_basic, uniq_crazy_yiuf_cottage
D:4:      layout_loops_ring, gammafunk_temple_overflow_claw,
          mainiacjoe_overflow_boulevard, old_standard_altar,
          minmay_temple_entry_statues_fountains,
          minmay_a_box_with_orc_wizards_in_it, uniq_edmund
Temple:   hellmonk_temple_of_storms

Skill      XL: |  1  2  3  4  5 |
---------------+----------------+-----
Transmutations | 1 2 3 |  3.1
Short Blades   | 1 |  1.7
Fighting       | 2 3 |  3.2
Unarmed Combat | 1 2 |  2.8
Dodging        | |  1.7
Stealth        | |  1.7
Spellcasting   | |  2.0
Earth Magic    | |  2.6

Action                   |  1- 3 |  4- 6 || total
-------------------------+-------+-------++-------
Melee: Unarmed           |     9 |    21 ||    30
       Short sword       |    98 |   148 ||   246
       Punch             |     2 |     4 ||     6
       Headbutt          |       |    38 ||    38
 Cast: Sandblast         |    24 |    13 ||    37
  Use: Scroll            |     8 |     4 ||    12
       Potion            |       |     3 ||     3
 Stab: Sleeping          |     4 |     1 ||     5
       Invisible         |       |     4 ||     4
Armor: Robe              |    19 |    25 ||    44
Dodge: Dodged            |    75 |   102 ||   177
Block: Other             |    19 |    30 ||    49

Table legend: (Time is in decaauts)
 A = Elapsed time spent in this place.
 B = Non-inter-level travel time spent in this place.
 C = Inter-level travel time spent in this place.
 D = Time resting spent in this place.
 E = Time spent auto-exploring this place.
 F = Levels seen in this place.
 G = Mean time per level.
                   A        B        C        D        E       F      G
               +--------+--------+--------+--------+--------+-----+--------+
         Total |   5920 |   5738 |    182 |    131 |   4900 |   5 | 1184.0 |
       Dungeon |   5843 |   5704 |    139 |    131 |   4876 |   4 | 1460.8 |
        Temple |     77 |     34 |     43 |      0 |     24 |   1 |   77.0 |
               +--------+--------+--------+--------+--------+-----+--------+

Top non-repeatable levels by time:
     D:1: 2045 daAuts
     D:2: 1584 daAuts
     D:3: 1264 daAuts
     D:4: 949 daAuts
  Temple: 77 daAuts
